 Dungeon Crawl Stone Soup version 0.27-a0-1290-g15d3ce7508 (webtiles) character file.

Game seed: 7909083431118360910

281 Delamore the Poker (level 6, -8/51 HPs)
             Began as a Formicid Fighter on June 15, 2021.
             Mangled by Menkaure (16 damage)
             ... on level 4 of the Dungeon.
             The game lasted 00:02:19 (2650 turns).

Delamore the Poker (Formicid Fighter)               Turns: 2650, Time: 00:02:20

Health: -8/51      AC:  6    Str: 28    XL:     6   Next: 53%
Magic:  6/6        EV:  8    Int:  8    God:
Gold:   91         SH: 10    Dex: 10    Spells: 5/5 levels left

rFire    . . .     SeeInvis +   a - +0 trident
rCold    . . .     Faith    .   c - +0 kite shield
rNeg     . . .     Spirit   .   b - +0 scale mail
rPois    .         Reflect  .   (helmet unavailable)
rElec    .         Harm     .   (no cloak)
rCorr    .         Rampage  .   (no gloves)
Will     .....                  (no boots)
Stlth    ..........             g - amulet of regeneration
HPRegen  1.17/turn              l - +6 ring of strength
MPRegen  0.10/turn              (no ring)

@: no status effects
A: permanent stasis, dig shafts and tunnels, antennae 3, four strong arms
a: Dig, Shaft Self


You were on level 4 of the Dungeon.
You visited 1 branch of the dungeon, and saw 4 of its levels.

You collected 91 gold pieces.

Inventory:

Hand Weapons
 a - a +0 trident (weapon)
 m - a +0 halberd
Missiles
 n - 11 poisoned darts
Armour
 b - a +0 scale mail (worn)
 c - a +0 kite shield (worn)
 p - a +0 pair of gloves
Jewellery
 g - an amulet of regeneration (around neck)
 l - a +6 ring of strength (left hand)
Scrolls
 e - a scroll of fear {unknown}
 h - a scroll of fog {unknown}
 i - 3 scrolls of teleportation {unknown}
 j - 2 scrolls of noise {unknown}
Potions
 d - a potion of might
 f - a potion of invisibility
 k - a potion of mutation
 q - a potion of flight
 r - a potion of brilliance {unknown}


   Skills:
 - Level 5.0 Fighting
 * Level 5.4 Polearms
 - Level 3.2 Armour
 - Level 3.6 Shields


You had 5 spell levels left.
You didn't know any spells.
Your spell library contained the following spells:

 Spells                   Type           Power      Damage    Failure   Level
 Confusing Touch          Hex            0%         N/A       100%        3
 Gell's Gravitas          Tloc           0%         N/A       100%        3
 Petrify                  Tmut/Erth      0%         N/A       100%        4
 Metabolic Englaciation   Hex/Ice        0%         N/A       100%        5
 Yara's Violent Unravell  Hex/Tmut       0%         3d3       100%        5


Dungeon Overview and Level Annotations

Branches:
Dungeon (4/15)
 Temple: D:4-7

Altars:

Annotations:
D:4 Menkaure


Innate Abilities, Weirdness & Mutations

You cannot be hasted, slowed, berserked, paralysed or teleported.
You can dig through walls and to a lower floor.
You have a pair of large antennae on your head. (SInv)
Your four strong arms can wield two-handed weapons with a shield.


Message History

You barely miss the iguana.
Menkaure, Prince of Dust comes into view.
You block the iguana's attack. You block Menkaure's attack.
You barely miss Menkaure. The iguana bites you!
Menkaure calls on the powers of darkness!
The iguana convulses!
Your body is wracked with pain!
The iguana bites you but does no damage.
You hit Menkaure.
Menkaure is moderately damaged.
The iguana bites you!
* * * LOW HITPOINT WARNING * * *
Menkaure calls on the powers of darkness!
The iguana convulses!
Your body is wracked with pain!
* * * LOW HITPOINT WARNING * * *
You feel better.
A giant cockroach comes into view.
You block the iguana's attack.
You hit Menkaure.
Menkaure is moderately damaged.
Menkaure hits you!
* * * LOW HITPOINT WARNING * * *
You block the iguana's attack.
You feel better. You block Menkaure's attack. The iguana closely misses you.
You hit Menkaure but do no damage.
Menkaure is moderately damaged.
The iguana barely misses you.
Menkaure gestures at you while chanting.
Pain shoots through your body!
* * * LOW HITPOINT WARNING * * *
You hit Menkaure but do no damage.
Menkaure is moderately damaged.
The iguana closely misses you.
Menkaure calls on the powers of darkness!
The iguana convulses!
Your body is wracked with pain!
* * * LOW HITPOINT WARNING * * *
The iguana closely misses you.
Your shield prevents you from hitting Menkaure.
Menkaure is moderately damaged.
Menkaure hits you!
You die...

#.........#####<#.
#.........#
#.........#
#.........#
#....###.## #....#
#.# #....# ..#
#....#.#####
##..@l>.....
#.##M...... ...
B...### #...
....... #...
....### #.. ....#
#. ..... .....#


You could see Menkaure, an iguana and a giant cockroach.

Vanquished Creatures
  A phantom (D:3)
  A hound (D:3)
  2 orc wizards (D:3)
  4 gnolls
  3 adders
  A worm (D:3)
  A dart slug (D:3)
  2 orcs (D:3)
  4 ball pythons
  3 bats
  5 endoplasms
  4 giant cockroaches
  6 hobgoblins
  2 jackals (D:3)
  2 quokkas
  2 frilled lizards (D:3)
  9 goblins
  8 kobolds
  4 rats
64 creatures vanquished.

Notes
Turn   | Place    | Note
-------+----------+-------------------------------------------
     0 | D:1      | Delamore the Formicid Fighter began the quest for the Orb.
     0 | D:1      | Reached XP level 1. HP: 18/18 MP: 1/1
   110 | D:1      | Reached XP level 2. HP: 22/24 MP: 2/2
   529 | D:1      | Reached XP level 3. HP: 28/30 MP: 3/3
   761 | D:1      | Reached XP level 4. HP: 14/37 MP: 4/4
  1402 | D:2      | Reached XP level 5. HP: 8/42 MP: 5/5
  1808 | D:3      | Noticed a phantom
  1840 | D:3      | Killed a phantom
  1841 | D:3      | Reached XP level 6. HP: 40/49 MP: 6/6
  1920 | D:3      | Reached skill level 5 in Polearms
  2153 | D:3      | Reached skill level 5 in Fighting
  2335 | D:3      | Found a faded altar of an unknown god.
  2642 | D:4      | Noticed Menkaure
  2650 | D:4      | Mangled by Menkaure

Illustrated notes

Levels and vault maps discovered:
D:1:      scummos_arrival_checkerplants, layout_rooms
D:2:      layout_basic
D:3:      minmay_diamond_boxcup, layout_basic,
          shapermc_ecumenical_altar_starsandcircs
D:4:      layout_basic, dancing_weapons_uskayaw, portal_sewer_entry_b,
          serial_shops, shop, uniq_grinder, uniq_menkaure

Skill      XL: |  1  2  3  4  5  6 |
---------------+-------------------+-----
Polearms       | 3 4 5 |  5.4
Fighting       | 4 5 |  5.0
Armour         | |  3.2
Shields        | |  3.6

Action                   |  1- 3 |  4- 6 || total
-------------------------+-------+-------++-------
Melee: Trident           |    78 |   135 ||   213
  Use: Scroll            |       |     4 ||     4
       Potion            |       |     2 ||     2
Armor: Scale mail        |    34 |    23 ||    57
Dodge: Dodged            |    21 |    33 ||    54
Block: Kite shield       |    34 |    51 ||    85

Table legend: (Time is in decaauts)
 A = Elapsed time spent in this place.
 B = Non-inter-level travel time spent in this place.
 C = Inter-level travel time spent in this place.
 D = Time resting spent in this place.
 E = Time spent auto-exploring this place.
 F = Levels seen in this place.
 G = Mean time per level.
                   A        B        C        D        E       F      G
               +--------+--------+--------+--------+--------+-----+--------+
         Total |   2712 |   2619 |     93 |    884 |   1263 |   4 |  678.0 |
       Dungeon |   2712 |   2619 |     93 |    884 |   1263 |   4 |  678.0 |
               +--------+--------+--------+--------+--------+-----+--------+

Top non-repeatable levels by time:
     D:3: 1014 daAuts
     D:1: 949 daAuts
     D:2: 709 daAuts
     D:4: 39 daAuts
